 Dungeon Crawl Stone Soup version 0.28.0-45-g0d030f2227 (webtiles) character file.

Game seed: 7572274687073052568

20807 MisterFreud the Transmogrifier (level 10, -5/111 HPs)
             Began as a Green Draconian Transmuter on Apr 20, 2022.
             Was an Elder of Ru.
             Slain by an eight-headed hydra (9 damage)
             ... on level 3 of the Lair of Beasts.
             The game lasted 00:24:14 (16586 turns).

MisterFreud the Transmogrifier (DrTm)              Turns: 16586, Time: 00:24:14

Health: -5/111     AC: 12    Str: 13    XL:     10   Next: 48%
Magic:  9/19       EV: 13    Int: 15    God:    Ru [****..]
Gold:   517        SH:  0    Dex: 14    Spells: 6/21 levels left

rFire   x . .      SeeInvis .     - Unarmed
rCold   + + +      Faith    .   (shield currently unavailable)
rNeg    + . .      Spirit   .   (armour unavailable)
rPois   +          Reflect  .   (helmet currently unavailable)
rElec   .          Harm     .   (cloak currently unavailable)
rCorr   .          Rampage  .   (gloves currently unavailable)
Will    .....                   (boots currently unavailable)
Stlth   ..........              (no amulet)
HPRegen 0.28/turn               d - +4 ring of protection
MPRegen 0.16/turn               s - ring of positive energy

@: ice-form, very slightly contaminated
A: freezing attack, amphibious, boosted hp, (breathe noxious fumes), AC +7,
large, unfitting armour, (poison resistance), (cold-blooded), no stealth, hated
by all, inexperienced 1
a: End Transformation, Renounce Religion, Draw Out Power, Power Leap


You were on level 3 of the Lair of Beasts.
You worshipped Ru.
Ru was greatly pleased with you.
You were a creature of crystalline ice.
You visited 3 branches of the dungeon, and saw 15 of its levels.

You collected 1135 gold pieces.
You spent 618 gold pieces at shops.

Inventory:

Missiles
 a - 4 atropa-tipped darts
 c - 15 poisoned darts
 e - 4 boomerangs
 i - 4 throwing nets
Armour
 D - a +0 pair of gloves (melded)
Jewellery
 d - a +4 ring of protection (left front paw)
 s - a ring of positive energy (right front paw)
 K - a +4 ring of slaying
Wands
 j - a wand of iceblast (21)
Scrolls
 l - a scroll of enchant armour {unknown}
 m - a scroll of amnesia {unknown}
 n - 4 scrolls of enchant weapon
 r - a scroll of summoning
 t - a scroll of blinking
 u - a scroll of silence {unknown}
 v - a scroll of brand weapon {unknown}
 w - 9 scrolls of immolation
 x - 4 scrolls of fear
 y - 2 scrolls of torment
 A - 3 scrolls of fog
 B - 3 scrolls of magic mapping
 E - 6 scrolls of teleportation
 F - 2 scrolls of vulnerability
 G - a scroll of holy word {unknown}
 J - 2 scrolls of identify
Potions
 b - 9 potions of curing
 f - 4 potions of brilliance
 g - 2 potions of flight
 h - 4 potions of attraction
 k - 3 potions of ambrosia
 o - a potion of haste
 p - 5 potions of heal wounds
 q - 3 potions of magic
 z - 2 potions of resistance
 C - a potion of lignification {unknown}
 H - a potion of might
 I - a potion of cancellation


   Skills:
 - Level 10.0 Fighting
 + Level 8.6 Dodging
 - Level 10.0 Unarmed Combat
 - Level 6.0 Spellcasting
 - Level 12.0 Transmutations
 - Level 4.0 Ice Magic


You had 6 spell levels left.
You knew the following spells:

 Your Spells              Type           Power      Damage    Failure   Level
a - Beastly Appendage     Tmut           80%        N/A       1%          1
b - Wereblood             Tmut           40%        N/A       1%          2
c - Spider Form           Tmut/Pois      22%        N/A       3%          3
d - Ice Form              Ice/Tmut       28%        N/A       5%          4
e - Blade Hands           Tmut           20%        N/A       3%          5

Your spell library contained the following spells:

 Spells                   Type           Power      Damage    Failure   Level
 Irradiate                Conj/Tmut      11%        3d17      34%         5
 Inner Flame              Hex/Fire       4%         N/A       41%         3
 Cause Fear               Hex            2%         N/A       82%         4
 Iskenderun's Battlesphe  Conj           4%         2d6       99%         5
 Iron Shot                Conj/Erth      2%         9d2       100%        6
 Dragon Form              Tmut           20%        N/A       65%         7
 Storm Form               Tmut/Air       11%        N/A       100%        7
 Discord                  Hex            2%         N/A       100%        8
 Maxwell's Capacitive Co  Air            2%         ∞         100%        8
 Summon Small Mammal      Summ           Unusable   N/A       N/A         1
 Call Canine Familiar     Summ           Unusable   N/A       N/A         3
 Summon Guardian Golem    Hex/Summ       Unusable   N/A       N/A         3
 Summon Lightning Spire   Summ/Air       Unusable   N/A       N/A         4
 Spellforged Servitor     Conj/Summ      Unusable   N/A       N/A         7

Dungeon Overview and Level Annotations

Branches:
Dungeon (11/15)            Temple (1/1) D:6            Lair (3/6) D:9
    Orc (0/2) D:10
  Swamp: Lair:2-4    Shoals: Lair:2-4     Snake: Lair:2-4    Spider: Lair:2-4

Altars:
Ashenzari
Dithmenos
Elyvilon
Gozag
Hepliaklqana
Makhleb
Nemelex Xobeh
Qazlal
Ru
Trog
Uskayaw
Vehumet
Wu Jian
Xom
Yredelemnul
The Shining One

Shops:
D:5 =   D:6 =***(   D:8 ([=   D:10 =[:(!

Annotations:
D:10 2 transporters
Lair:1 2 transporters, dxctxrx's ghost, journeyman HuFi


Innate Abilities, Weirdness & Mutations

You are a creature of crystalline ice.
You have a powerful freezing melee attack.
You are amphibious.
Your maximum health is increased.
Your armour is entirely melded.
You are incapable of wielding weapons or throwing items.
((You can breathe blasts of noxious fumes.))
((Your lurid green scales are hard. (AC +7)))
You cannot fit into any form of body armour.
((Your system is resistant to poisons. (rPois)))
((You are cold-blooded and may be slowed by cold attacks.))
You cannot be stealthy.
You are hated by all.
You are somewhat inexperienced. (-2 XL)


Message History

The eight-headed hydra bites you. The eight-headed hydra misses you.
The eight-headed hydra bites you!
You focus your inner power and illuminate the eight-headed hydra in retribution!
The eight-headed hydra bites you!
The eight-headed hydra bites you but does no damage.
The eight-headed hydra bites you.
* * * LOW HITPOINT WARNING * * *
The eight-headed hydra bites you but does no damage. x2
Unknown command.
You punch the eight-headed hydra!
The eight-headed hydra seems to slow down.
You freeze the eight-headed hydra.
The eight-headed hydra is severely wounded.
The eight-headed hydra misses you. The eight-headed hydra bites you.
* * * LOW HITPOINT WARNING * * *
The eight-headed hydra bites you.
* * * LOW HITPOINT WARNING * * *
The eight-headed hydra bites you!
* * * LOW HITPOINT WARNING * * *
The eight-headed hydra bites you but does no damage.
The eight-headed hydra bites you.
* * * LOW HITPOINT WARNING * * *
The eight-headed hydra bites you!
* * * LOW HITPOINT WARNING * * *
The eight-headed hydra bites you but does no damage.
Unknown command.
Unknown command.
Unknown command.
Unknown command.
Unknown command.
The eight-headed hydra is no longer moving slowly.
Aiming: Iceblast
Press: ? - help, Shift-Dir - straight line, f - eight-headed hydra
Aim: an eight-headed hydra (severely wounded, softly glowing)
The mass of ice explodes!
The iceblast engulfs the eight-headed hydra!
The eight-headed hydra is almost dead.
The eight-headed hydra bites you but does no damage.
The eight-headed hydra bites you!
You die...

...(>....♣
#..........#.#
.........♣
#........#...#
♣.......♣♣
#....#...#.#.#####
♣.......♣
#....#P........#.#
♣♣♣...♣♣♣
##...............##
♣♣♣♣♣
##........#.....#.#
#........##..#....##
###.#.#.........#..#
####......YD...#......#
##......<..#.##.....#.##
#...P##...###.#....#..##
##.####..##......#.....#
#.# #..####.####..##.##
##.# #.....#[.##P..#P.#
#..###P...............#
##..##..#......###.####
##..#..P#.......##.†#


You could see an eight-headed hydra (corona).

Vanquished Creatures
  Harold (D:9)
  Erica (D:8)
  A two-headed ogre (D:8)
  2 death yaks (Lair:3)
  3 black mambas
  A torpor snail (Lair:3)
  11 cane toads
  3 komodo dragons
  Maggie (D:10)
  2 trolls
  A polar bear (Lair:3)
  Prince Ribbit (D:5)
  6 blink frogs
  2 spriggans (Lair:3)
  2 wraiths (D:10)
  Sigmund (D:3)
  A shadow (D:10)
  2 wyverns (D:9)
  2 basilisks
  22 yaks
  Grum (D:10)
  A steam dragon (D:7)
  A swamp worm (Lair:3)
  6 water moccasins
  5 orc warriors
  A swamp drake (D:10)
  4 black bears
  12 wolves
  2 ogres
  A necrophage (D:4)
  5 centaurs
  A phantom (D:4)
  A kobold brigand (D:10)
  6 bullfrogs
  3 scorpions
  A gnoll sergeant (D:9)
  A killer bee (D:8)
  A water moccasin skeleton (D:6)
  6 wights
  2 electric eels
  A bullfrog zombie (D:3)
  A centaur zombie (D:9)
  9 orc priests
  2 bullfrog skeletons
  A hound (D:6)
  A jelly (D:6)
  3 iguanas
  2 gnoll shamans
  Jessica (D:3)
  12 orc wizards
  2 hound skeletons (D:5)
  A howler monkey zombie (D:9)
  16 gnolls
  13 adders
  A shadow imp (D:5)
  2 white imps
  An ufetubus (D:4)
  2 adder skeletons
  3 worms
  7 dart slugs
  35 orcs
  9 ball pythons
  12 bats
  10 endoplasms
  4 giant cockroaches
  10 goblins
  3 hobgoblins
  4 quokkas
  2 frilled lizards
  10 kobolds
  3 rats
  A butterfly (Lair:2)
311 creatures vanquished.

Vanquished Creatures (others)
  A gnoll (D:9)
  22 fungi
  16 plants
39 creatures vanquished.

Grand Total: 350 creatures vanquished

Notes
Turn   | Place    | Note
-------+----------+-------------------------------------------
     0 | D:1      | MisterFreud the Draconian Transmuter began the quest for
                  | the Orb.
     0 | D:1      | Reached XP level 1. HP: 16/16 MP: 3/3
    73 | D:1      | Reached XP level 2. HP: 6/23 MP: 3/5
   608 | D:1      | Reached XP level 3. HP: 19/28 MP: 6/6
   721 | D:1      | Learned a level 2 spell: Wereblood
   725 | D:1      | Learned a level 3 spell: Spider Form
   744 | D:1      | Reached skill level 3 in Transmutations
  1441 | D:2      | Reached XP level 4. HP: 26/35 MP: 3/7
  1447 | D:2      | Reached skill level 4 in Transmutations
  2026 | D:2      | Reached XP level 5. HP: 33/40 MP: 8/8
  2221 | D:2      | Found a faded altar of an unknown god.
  2327 | D:3      | Reached skill level 5 in Transmutations
  2463 | D:3      | Reached XP level 6. HP: 40/50 MP: 7/9
  2550 | D:3      | Noticed Sigmund
  2573 | D:3      | Killed Sigmund
  2831 | D:3      | Noticed Jessica
  2843 | D:3      | Killed Jessica
  2947 | D:3      | Reached skill level 5 in Unarmed Combat
  3283 | D:4      | Your scales start taking on a lurid green colour.
  3283 | D:4      | Reached XP level 7. HP: 45/59 MP: 8/10
  3283 | D:4      | Gained mutation: Your system is resistant to poisons.
                  | (rPois) [Green Draconian growth]
  4229 | D:5      | Entered Level 5 of the Dungeon
  4489 | D:6      | Found Kott's Jewellery Shoppe.
  4492 | D:6      | Found Rocrem Ficw's Assorted Antiques.
  4501 | D:6      | Bought 3 scrolls labelled SAAHUU SUZOG for 72 gold pieces
  4501 | D:6      | Bought a scroll labelled CIELOFETEF for 24 gold pieces
  4501 | D:6      | Bought a scroll labelled IRISYNK XA KEN for 24 gold pieces
  4600 | D:6      | Reached XP level 8. HP: 66/66 MP: 11/11
  4716 | D:5      | Learned a level 4 spell: Ice Form
  4756 | D:5      | Found Wetusin's Jewellery Shop.
  4756 | D:5      | Noticed Prince Ribbit
  4764 | D:5      | Killed Prince Ribbit
  4765 | D:5      | Reached skill level 1 in Ice Magic
  4811 | D:5      | Reached skill level 5 in Dodging
  5770 | D:6      | Reached skill level 6 in Transmutations
  5898 | D:6      | Found Besme's Weapon Shop.
  6056 | D:6      | Found Micoiri's General Store.
  6062 | D:6      | Bought a potion of heal wounds for 70 gold pieces
  6258 | D:6      | Found Alismeko's General Store.
  6267 | D:6      | Bought a scroll of teleportation for 45 gold pieces
  6267 | D:6      | Bought a scroll of fear for 52 gold pieces
  6267 | D:6      | Bought a scroll of teleportation for 45 gold pieces
  6341 | D:6      | Found a staircase to the Ecumenical Temple.
  6501 | Temple   | Entered the Ecumenical Temple
  6531 | Temple   | Became a worshipper of Ru the Awakened
  7291 | D:7      | Reached XP level 9. HP: 71/71 MP: 12/12
  7769 | D:7      | Reached skill level 7 in Transmutations
  8043 | D:8      | Found Exkoz's Armour Boutique.
  8127 | D:8      | Noticed a two-headed ogre
  8147 | D:8      | Found Sowen's Jewellery Emporium.
  8196 | D:8      | Killed a two-headed ogre
  8197 | D:8      | Reached skill level 8 in Transmutations
  8210 | D:8      | Reached skill level 5 in Spellcasting
  8228 | D:8      | Gained mutation: You are somewhat inexperienced. (-2 XL)
                  | [Ru sacrifice]
  8228 | D:8      | Reached XP level 8. HP: 48/79 MP: 13/15
  8228 | D:8      | Reached XP level 7. HP: 48/70 MP: 13/14
  8228 | D:8      | Reached * piety under Ru
  8228 | D:8      | Reached ** piety under Ru
  8618 | D:8      | Noticed Erica
  8652 | D:8      | Killed Erica
  8653 | D:8      | Reached skill level 5 in Fighting
  8854 | D:8      | Found Egiroull's Weapon Shop.
  8918 | D:9      | Reached XP level 8. HP: 48/69 MP: 12/15
  9121 | D:9      | Found a staircase to the Lair.
  9717 | D:9      | Noticed Harold
  9735 | D:9      | Killed Harold
  9742 | D:9      | Learned a level 5 spell: Blade Hands
 10139 | D:10     | Entered Level 10 of the Dungeon
 10185 | D:10     | Found Ebegonua's Jewellery Shop.
 10188 | D:10     | Noticed Maggie
 10228 | D:10     | Killed Maggie
 10229 | D:10     | Reached skill level 9 in Transmutations
 10437 | D:10     | Found Wuuniot's Antique Armour Shoppe.
 10624 | D:10     | Found a transporter.
 10765 | D:10     | Found Weurhi's Antique Weapon Emporium.
 10783 | D:10     | Found a stormy altar of Qazlal.
 10913 | D:10     | Gained mutation: You are hated by all. [Ru sacrifice]
 10913 | D:10     | Reached *** piety under Ru
 10942 | D:10     | Found Qumadaq's Distillery.
 10943 | D:10     | Found Jagaxon's Book Emporium.
 10955 | D:10     | Bought a potion of haste for 130 gold pieces
 10955 | D:10     | Bought a potion of might for 52 gold pieces
 10955 | D:10     | Bought a potion of cancellation for 104 gold pieces
 10998 | D:10     | Reached skill level 10 in Transmutations
 11136 | D:10     | Reached XP level 9. HP: 46/81 MP: 14/16
 11270 | D:10     | Noticed Grum
 11289 | D:10     | Killed Grum
 11345 | D:10     | Found a staircase to the Orcish Mines.
 11349 | D:10     | Reached skill level 11 in Transmutations
 11617 | D:10     | Found a transporter.
 11879 | D:11     | Noticed a boulder beetle
 11881 | D:11     | Noticed a wolf spider
 11919 | Lair:1   | Entered Level 1 of the Lair of Beasts
 12249 | Lair:1   | Found a frozen archway.
 12524 | Lair:1   | Reached skill level 12 in Transmutations
 12835 | Lair:1   | Noticed dxctxrx's ghost (journeyman HuFi)
 12845 | Lair:1   | Found a transporter.
 12853 | Lair:1   | Found a transporter.
 13326 | Lair:1   | Identified the +0 leather armour "Hokaill" {rF+ Will++}
 14585 | Lair:2   | Reached XP level 10. HP: 85/91 MP: 14/19
 14778 | Lair:2   | Gained mutation: You cannot be stealthy. [Ru sacrifice]
 14778 | Lair:2   | Reached **** piety under Ru
 16022 | Lair:3   | Reached skill level 10 in Fighting
 16205 | Lair:3   | Noticed a death yak
 16206 | Lair:3   | Noticed a death yak
 16213 | Lair:3   | Killed a death yak
 16217 | Lair:3   | Killed a death yak
 16218 | Lair:3   | Reached skill level 10 in Unarmed Combat
 16431 | Lair:3   | Noticed an eight-headed hydra
 16432 | Lair:3   | Noticed a five-headed hydra
 16582 | Lair:3   | HP: 3/111 [eight-headed hydra (11)]
 16586 | Lair:3   | Slain by an eight-headed hydra

Illustrated notes

Levels and vault maps discovered:
D:1:      enne_arrival_octagon_isle, layout_basic, serial_forest,
          infiniplex_forest_3_way, infiniplex_forest_end_1,
          infiniplex_forest_lined_corner, infiniplex_forest_lined_2,
          infiniplex_forest_end_2, infiniplex_forest_zigzag_2,
          infiniplex_forest_corner_2, minmay_quantized
D:2:      layout_rooms, shapermc_ecumenical_altar_totnotflames,
          nicolae_concentric_dashed_squares_wild, interstate_on_off,
          kennysheep_decorative_pillar
D:3:      layout_rooms, wad_floor_pattern_2, minmay_pentangle, uniq_jessica,
          uniq_sigmund
D:4:      layout_basic, serial_forest, infiniplex_forest_side_room,
          infiniplex_forest_fountain, infiniplex_forest_straight_1,
          infiniplex_forest_end_1, infiniplex_forest_lined_corner, st_stairs_11
D:5:      layout_loops_cross, serial_rivers, chequers_serial_rivers_large_b,
          chequers_serial_rivers_micro_e, chequers_serial_rivers_micro_e,
          chequers_serial_rivers_micro_c, chequers_serial_rivers_room_a,
          serial_shops, nicolae_shop_stone, uniq_prince_ribbit1
D:6:      nicolae_cairo_tiling_large, layout_basic,
          minmay_temple_entry_overgrown, serial_shops, nicolae_shop_trees, shop,
          shop, nicolae_shop_bloodbath_and_beyond, shop,
          ebering_dispersal_statue_hall, chequers_serial_rivers_micro_d,
          minivault_23
D:7:      layout_basic, abandoned_shop
D:8:      layout_basic, serial_shops, nicolae_diamond_shop, shop,
          kennysheep_mini, nicolae_square_shop, uniq_erica
D:9:      layout_irregular_city, due_lair_maze_entry_diamond,
          serial_bayou_pond_a, uniq_harold
D:10:     gammafunk_worm_tunnel, layout_basic, nicolae_overflow_crystal_walls,
          erik_orc_1, serial_shops, nicolae_stop_n_shop_2, nicolae_shop_crystal,
          shop_statue, shop, shop_coins, uniq_maggie, uniq_grum
D:11:     layout_basic, gauntlet_entry_generic, serial_shops, shop,
          cheibrodos_worm_habitat, uniq_sonja
Temple:   compressed_dpeg_circular_temple
Lair:1:   layout_cave_pods, portal_ice_cave_entry_pillars_1,
          gammafunk_ghost_arena, fungi_pond_lemuel
Lair:2:   layout_loops_ring, serial_bayou_shore_a, lemuel_fruit_fields
Lair:3:   layout_loops_ring, palyth_hydra_swamp_entry,
          guppyfry_snake_entry_garden, forest_entry_grove, grunt_megastairs_5,
          lemuel_fruit_tree

Skill      XL: |  1  2  3  4  5  6  7  8  9 10 |
---------------+-------------------------------+-----
Dodging        | 2 4 6 7 8 |  8.6
Transmutations | 3 4 5 10 12 | 12.0
Fighting       | 2 4 5 8 9 10 | 10.0
Unarmed Combat | 5 7 8 9 10 | 10.0
Ice Magic      | 3 4 |  4.0
Spellcasting   | 6 |  6.0

Action                   |  1- 3 |  4- 6 |  7- 9 | 10-12 || total
-------------------------+-------+-------+-------+-------++-------
Melee: Unarmed           |    98 |   176 |   690 |   121 ||  1085
       Kick              |    16 |    27 |       |     2 ||    45
       Headbutt          |     7 |    17 |       |     2 ||    26
       Tailslap          |     7 |     8 |    72 |    21 ||   108
       Punch             |     1 |     4 |    29 |     4 ||    38
 Cast: Beastly Appendage |    19 |    22 |     1 |     1 ||    43
       Spider Form       |     1 |     6 |    14 |       ||    21
       Ice Form          |       |       |    18 |     2 ||    20
       Blade Hands       |       |       |    16 |    12 ||    28
Invok: Sacrifice Experie |       |       |     1 |       ||     1
       Sacrifice Love    |       |       |     1 |       ||     1
       Sacrifice Stealth |       |       |       |     1 ||     1
 Abil: Breathe Noxious F |       |       |    43 |     3 ||    46
       End Transformatio |       |       |     2 |     1 ||     3
Evoke: Wand              |       |       |       |     1 ||     1
  Use: Scroll            |       |       |    17 |       ||    17
 Stab: Confused          |       |       |    34 |     1 ||    35
       Distracted        |       |       |     2 |     1 ||     3
       Invisible         |       |       |     1 |       ||     1
Armor: Skin              |    36 |    50 |   157 |    35 ||   278
Dodge: Dodged            |    71 |   108 |   424 |    87 ||   690
